 Dungeon Crawl Stone Soup version 0.30.0-29-ga12c61a403 (webtiles) character file.

Game seed: 12496360703043506231

2582 bearlyready the Spear-Bearer (level 9, -2/75 HPs)
             Began as a Merfolk Cinder Acolyte on May 12, 2023.
             Was an Initiate of Makhleb.
             Killed from afar by a steam dragon (21 damage)
             ... with a ball of steam
             ... on level 6 of the Dungeon on June 16, 2023.
             The game lasted 00:16:00 (7077 turns).

bearlyready the Spear-Bearer (MfCA)                 Turns: 7077, Time: 00:16:01

Health: -2/75      AC:  7    Str: 18    XL:     9   Next: 58%
Magic:  10/10      EV: 10    Int: 13    God:    Makhleb [......]
Gold:   398        SH:  4    Dex: 10    Spells: 10/10 levels left

rFire   . . .        L - +1 whip (elec)
rCold   . . .        Q - +0 buckler
rNeg    . . .        l - +0 leather armour
rPois   .            c - +0 helmet
rElec   .            I - scarf {shadows}
rCorr   .            N - +2 pair of gloves
SInv    .            (no boots)
Will    .....        (no amulet)
Stlth   +            (no ring)
HPRegen 0.32/turn    y - ring of fire
MPRegen 0.12/turn

%: no passive effects
@: fire susceptible
A: (nimble swimmer 2), mertail, cold resistance 1
a: Renounce Religion


You were on level 6 of the Dungeon.
You worshipped Makhleb.
Makhleb was noncommittal.
You visited 1 branch of the dungeon, and saw 7 of its levels.

You collected 398 gold pieces.

Inventory:

Hand Weapons
 a - a -1 spear of flaming
 h - a +0 sling
 p - a +0 dagger of venom
 t - a +0 spear
 K - a +2 mace of draining
 L - a +1 whip of electrocution (weapon)
Missiles
 k - a curare-tipped dart (quivered)
 O - 3 boomerangs of dispersal
 S - 5 javelins
 V - 4 poisoned darts
Armour
 b - a +0 robe
 c - a +0 helmet (worn)
 l - a +0 leather armour (worn)
 z - a +0 scale mail
 A - a +0 cloak
 I - a scarf of shadows (worn)
 N - a +2 pair of gloves (worn)
 P - a +0 pair of gloves
 Q - a +0 buckler (worn)
Jewellery
 y - a ring of fire (right hand)
 B - a ring of fire
 D - a ring of wizardry
Wands
 R - a wand of flame (18)
Scrolls
 d - 5 scrolls of teleportation {unknown}
 e - 5 scrolls of identify {unknown}
 n - a scroll of enchant weapon
 o - a scroll of amnesia {unknown}
 w - 2 scrolls of blinking {unknown}
 x - 2 scrolls of summoning {unknown}
 E - a scroll of acquirement {unknown}
 H - 3 scrolls of enchant armour {unknown}
 M - a scroll of fear {unknown}
 U - a scroll of magic mapping {unknown}
Potions
 f - a potion of mutation
 g - 2 potions of curing
 i - 2 potions of heal wounds
 j - a potion of might {unknown}
 m - a potion of degeneration {unknown}
 r - 3 potions of berserk rage {unknown}
 s - 3 potions of ambrosia {unknown}
 u - a potion of haste {unknown}
 v - 2 potions of cancellation {unknown}
 C - a potion of attraction {unknown}
 F - 3 potions of flight {unknown}
 G - a potion of lignification {unknown}
 J - a potion of magic {unknown}
 T - a potion of brilliance {unknown}


   Skills:
 + Level 8.8 Fighting
 - Level 1.1 Maces & Flails
 + Level 11.3 Polearms
 + Level 2.1 Shields
 - Level 1.0 Spellcasting
 - Level 2.1 Fire Magic
 - Level 5.3 Evocations


You had 10 spell levels left.
You didn't know any spells.
Your spell library contained the following spells:

 Spells                   Type           Power      Damage    Failure   Level
 Scorch                   Fire           18%        2d6       26%         2
 Apportation              Tloc           0%         N/A       41%         1
 Necrotise                Necr           0%         1d4       41%         1
 Summon Small Mammal      Summ           0%         N/A       41%         1


Dungeon Overview and Level Annotations

Branches:
Dungeon (7/15)
 Temple: D:4-7

Altars:
Ashenzari
Cheibriados
Dithmenos
Elyvilon
Hepliaklqana
Kikubaaqudgha
Makhleb
Qazlal
Sif Muna
Vehumet
Yredelemnul

Annotations:
D:7 3 runed translucent doors, Esekla's ghost, novice DENe; Fractals's ghost, novice DsVM; Kamelo's ghost, novice TeAE; Zvl3's ghost, novice MfGl


Innate Abilities, Weirdness & Mutations

((You are very nimble when in or above water. (Stealth+, EV+, Speed+++)))
Your lower body shifts to a powerful aquatic tail in water.
Your flesh is cold resistant. (rC+)


Message History

There is a stone staircase leading down here.
You feel much better. The steam dragon closely misses you.
The steam dragon claws you but does no damage.
The gnoll barely misses you.
Okay, then.
The steam dragon misses you. The steam dragon barely misses you.
You hit the steam dragon but do no damage.
The steam dragon bites you but does no damage.
The steam dragon claws you but does no damage.
You block the gnoll's attack.
You completely miss the steam dragon. The steam dragon bites you.
The steam dragon closely misses you. The gnoll hits you with a +0 flail!
* * * LOW HITPOINT WARNING * * *
The steam dragon breathes steam at you. The ball of steam hits you!
* * * LOW HITPOINT WARNING * * *
The gnoll attacks as you move away! The gnoll barely misses you.
The steam dragon bites you.
* * * LOW HITPOINT WARNING * * *
The steam dragon closely misses you.
You feel much better.
The steam dragon bites you but does no damage.
The steam dragon claws you but does no damage.
Okay, then.
As you read the scroll labelled WYGOXK QAUR, it crumbles to dust.
It is a scroll of enchant weapon.
Your +0 whip of electrocution glows red for a moment.
The steam dragon bites you but does no damage.
The steam dragon misses you.
You hit the steam dragon.
The steam dragon is moderately wounded.
The gnoll closely misses you. The steam dragon barely misses you.
The steam dragon claws you.
* * * LOW HITPOINT WARNING * * *
As you read the scroll labelled TIPLUD KUN, it crumbles to dust.
The creatures around you are filled with an inner flame!
It was a scroll of immolation.
The gnoll barely misses you. The steam dragon breathes steam at you.
The ball of steam hits you!!
You die...

#).# #....)..#....###
#..#####..)......####
#................#
.....###.......#.# ###
..##.###.......#.# #.#
#..#..##.......#.# ######.#
##.##.....######.####......#
...#..##### #....g>...#....#
......## #.#.@D#####.####
.......### #.#...# #...#
....#....####.#...###.###
....####......#...##..#
....##.......##......##
.......#....###.######
###........># #.#
#..###.##### #.# #.## #.#
####.#####


You could see a steam dragon (inner flame, catching breath) and a gnoll (inner
flame).

Vanquished Creatures
  Pikel (D:4)
  A hornet (D:7)
  Sigmund (D:5)
  Eustachio (D:4)
  An orc warrior (D:6)
  2 ice beasts (D:5)
  An ogre (D:5)
  A lemure (D:3)
  A phantom (D:5)
  A kobold brigand (D:7)
  Blork the orc (D:4)
  3 scorpions
  A howler monkey (D:6)
  2 jellies (D:6)
  Crazy Yiuf (D:3)
  An orc priest (D:6)
  A gnoll bouda (D:5)
  3 hounds
  Ijyb (D:3)
  5 iguanas
  Natasha (D:3)
  3 orc wizards (D:6)
  8 adders
  12 gnolls
  2 white imps (D:6)
  An ufetubus (D:5)
  4 dart slugs
  16 orcs
  14 ball pythons
  8 bats
  7 endoplasms
  4 giant cockroaches
  8 goblins
  6 hobgoblins
  5 jackals
  4 quokkas
  3 frilled lizards
  10 kobolds
  7 rats
153 creatures vanquished.

Notes
Turn   | Place    | Note
-------+----------+-------------------------------------------
     0 | D:1      | bearlyready the Merfolk Cinder Acolyte began the quest for
                  | the Orb.
     0 | D:1      | Reached XP level 1. HP: 18/18 MP: 2/2
   103 | D:1      | Reached XP level 2. HP: 24/24 MP: 3/3
   130 | D:1      | Reached skill level 5 in Polearms
   205 | D:1      | Found a faded altar of an unknown god.
   369 | D:1      | Reached XP level 3. HP: 29/29 MP: 4/4
   690 | D:2      | Reached skill level 6 in Polearms
  1115 | D:2      | Reached XP level 4. HP: 31/35 MP: 5/5
  1855 | D:3      | Found a runed translucent door.
  1856 | D:3      | Noticed Crazy Yiuf
  1944 | D:3      | Noticed Ijyb
  1948 | D:3      | Paralysed by Ijyb for 5 turns
  1960 | D:3      | Paralysed by Ijyb for 4 turns
  1970 | D:3      | Paralysed by Ijyb for 3 turns
  1979 | D:3      | Killed Ijyb
  1980 | D:3      | Reached XP level 5. HP: 19/42 MP: 6/6
  2178 | D:3      | Killed Crazy Yiuf
  2179 | D:3      | Reached skill level 7 in Polearms
  2283 | D:4      | Noticed Pikel
  2351 | D:4      | Noticed a lemure
  2352 | D:4      | Noticed a lemure
  2404 | D:4      | Noticed Natasha
  2406 | D:4      | Noticed a lemure
  2420 | D:3      | Killed Natasha
  2455 | D:3      | Killed a lemure
  2564 | D:4      | Noticed Eustachio
  2599 | D:4      | Killed Eustachio
  2600 | D:4      | Reached skill level 5 in Fighting
  2600 | D:4      | Reached XP level 6. HP: 14/51 MP: 7/7
  2766 | D:4      | Reached skill level 8 in Polearms
  2800 | D:4      | Found a broken altar of Ashenzari.
  2998 | D:4      | Noticed Blork the orc
  3021 | D:4      | Killed Blork the orc
  3022 | D:4      | Reached XP level 7. HP: 51/57 MP: 8/8
  3055 | D:4      | Reached skill level 1 in Evocations
  3106 | D:4      | Upgraded the game from 0.30.0-5-g1a98f26d00 to
                  | 0.30.0-10-gfe55d96785
  3146 | D:4      | Killed Pikel
  3147 | D:4      | Reached skill level 9 in Polearms
  3147 | D:4      | Reached XP level 8. HP: 49/65 MP: 9/9
  3369 | D:5      | Entered Level 5 of the Dungeon
  3578 | D:5      | Upgraded the game from 0.30.0-10-gfe55d96785 to
                  | 0.30.0-17-ge0270778cf
  4590 | D:5      | Reached skill level 1 in Maces & Flails
  4590 | D:5      | Reached skill level 10 in Polearms
  4721 | D:5      | Noticed Sigmund
  4744 | D:5      | Killed Sigmund
  4745 | D:5      | Reached XP level 9. HP: 30/74 MP: 10/10
  4947 | D:5      | Identified the +2 robe "Onaza" {Dex+2 Archmagi}
  4988 | D:6      | Upgraded the game from 0.30.0-17-ge0270778cf to
                  | 0.30.0-19-g36f170ea60
  5005 | D:6      | Reached skill level 5 in Evocations
  5381 | D:6      | Found a radiant altar of Vehumet.
  5704 | D:6      | Found a basalt altar of Yredelemnul.
  5704 | D:6      | Found a white marble altar of Elyvilon.
  5705 | D:6      | Found a burning altar of Makhleb.
  5730 | D:6      | Fell from the grace of Ignis
  5730 | D:6      | Became a worshipper of Makhleb the Destroyer
  5926 | D:6      | Reached skill level 11 in Polearms
  6000 | D:6      | Found a stormy altar of Qazlal.
  6002 | D:6      | Found a snail-covered altar of Cheibriados.
  6007 | D:6      | Found a hazy altar of Hepliaklqana.
  6008 | D:6      | Found a shimmering blue altar of Sif Muna.
  6008 | D:6      | Found a shadowy altar of Dithmenos.
  6012 | D:6      | Found an ancient bone altar of Kikubaaqudgha.
  6432 | D:7      | Reached skill level 1 in Shields
  6709 | D:7      | Found a runed translucent gate.
  6710 | D:7      | Found a runed translucent gate.
  6710 | D:7      | Found a runed translucent gate.
  6710 | D:7      | Noticed Fractals's ghost (novice DsVM)
  6710 | D:7      | Noticed Zvl3's ghost (novice MfGl)
  6711 | D:7      | Noticed Kamelo's ghost (novice TeAE)
  6712 | D:7      | Noticed Esekla's ghost (novice DENe)
  6841 | D:7      | Noticed a hornet
  6847 | D:7      | Killed a hornet
  6852 | D:7      | Gained mutation: You have sharp fingernails. [potion of
                  | mutation]
  6852 | D:7      | Lost mutation: You have sharp fingernails. [potion of
                  | mutation]
  6852 | D:7      | Gained mutation: Your flesh is cold resistant. (rC+)
                  | [potion of mutation]
  6853 | D:7      | HP: 1/75 [gnoll/+0 halberd[a gnoll bouda] (9)]
  6854 | D:7      | Upgraded the game from 0.30.0-19-g36f170ea60 to
                  | 0.30.0-29-ga12c61a403
  7072 | D:6      | HP: 2/75 [steam dragon/ball of steam (16)]
  7077 | D:6      | Killed from afar by a steam dragon

Illustrated notes

Levels and vault maps discovered:
D:1:      ncdulo_wetmaze, layout_rooms, chequers_ecumenical_altar_twisty
D:2:      layout_basic
D:3:      layout_rooms, feat_on_display, uniq_ijyb, uniq_crazy_yiuf_cottage
D:4:      layout_rooms, lemuel_tele_altar, uniq_natasha, uniq_blork_the_orc,
          uniq_pikel, uniq_eustachio
D:5:      minmay_inner_zag, layout_rooms, uniq_sigmund
D:6:      cheibrodos_quashed, layout_rooms,
          chequers_temple_overflow_statue_of_worship, fiery_altar_vehumet,
          minitemple
D:7:      layout_basic, mainiacjoe_overflow_six_doors_small,
          minmay_temple_entry_trees, gammafunk_ghost_cemetery,
          nicolae_fountain_basement

Skill      XL: |  1  2  3  4  5  6  7  8  9 |
---------------+----------------------------+-----
Polearms       | 5 6 7 8 9 10 11 | 11.3
Fighting       | 4 5 6 7 8 |  8.8
Evocations     | 3 4 5 |  5.3
Maces & Flails | 1 |  1.1
Shields        | 2 |  2.1
Spellcasting   | |  1.0
Fire Magic     | |  2.1

Action                     |  1- 3 |  4- 6 |  7- 9 || total
---------------------------+-------+-------+-------++-------
  Melee: Spear             |   161 |   325 |    44 ||   530
         Dagger            |    15 |       |       ||    15
         Punch             |       |     2 |     5 ||     7
         Whip              |       |       |   297 ||   297
  Throw: Dart              |       |     9 |     8 ||    17
 Invoke: Fiery Armour      |       |       |     2 ||     2
  Evoke: Wand              |       |     1 |     6 ||     7
    Use: Potion            |       |       |     6 ||     6
         Scroll            |       |       |     2 ||     2
   Stab: Paralysed         |       |    13 |    27 ||    40
 Armour: Robe              |    19 |       |       ||    19
         Leather armour    |    16 |    62 |   130 ||   208
  Dodge: Dodged            |    79 |   128 |   179 ||   386
  Block: Buckler           |       |       |     5 ||     5
